 Dungeon Crawl Stone Soup version 0.30-a0-847-g17996783a1 (webtiles) character file.

Game seed: 7638879541673380029

149 qeuew the Conjurer (level 5, 0/31 HPs)
             Began as an Octopode Conjurer on Mar 3, 2023.
             Slain by a gnoll
             ... wielding a +0 spear
              (9 damage)
             ... on level 4 of the Dungeon.
             The game lasted 00:02:49 (3103 turns).

qeuew the Conjurer (Octopode Conjurer)              Turns: 3103, Time: 00:02:49

Health: 0/31       AC:  1    Str:  7    XL:     5   Next: 31%
Magic:  1/18       EV: 13    Int: 22    God:
Gold:   138        SH:  0    Dex: 10    Spells: 3/10 levels left

rFire   . . .      SeeInvis .    d - +0 short sword (spect)
rCold   . . .      Faith    .    (no shield)
rNeg    . . .      Spirit   .    (helmet restricted)
rPois   +          Reflect  .    (no amulet)
rElec   .          Rampage  .    i - ring of magical power
rCorr   .          Clarity  +    e - ring of poison resistance
Will    +....                    (no ring)
Stlth   +++                      (no ring)
HPRegen 0.25/turn                (no ring)
MPRegen 0.16/turn                (no ring)
                                 (no ring)
                                 (no ring)

@: no status effects
A: almost no armour, amphibious, 8 rings, camouflage 1, gelatinous body 1,
(nimble swimmer 1), tentacles, clarity, strong-willed 1, MP-powered wands
a: no special abilities


You were on level 4 of the Dungeon.
You visited 1 branch of the dungeon, and saw 4 of its levels.

You collected 138 gold pieces.

Inventory:

Hand Weapons
 d - a +0 spectral short sword (weapon)
Jewellery
 e - a ring of poison resistance (right tentacle)
 i - a ring of magical power (left tentacle)
Scrolls
 c - a scroll of teleportation
 h - a scroll of butterflies {unknown}
 j - a scroll of identify {unknown}
 k - a scroll of magic mapping
 l - a scroll of noise {unknown}
 m - a scroll of enchant weapon
Potions
 a - a potion of magic
 b - a potion of flight
 f - 4 potions of brilliance
 g - a potion of curing {unknown}


   Skills:
 * Level 3.4 Dodging
 + Level 3.9 Stealth
 * Level 3.2 Spellcasting
 + Level 4.4 Conjurations


You had 3 spell levels left.
You knew the following spells:

 Your Spells              Type           Power      Damage    Failure   Level
a - Magic Dart            Conj           92%        1d7       1%          1
b - Searing Ray           Conj           46%        2d6       3%          2
c - Iskenderun's Mystic   Conj/Tloc      13%        2d5       43%         4

Your spell library contained the following spells:

 Spells                   Type           Power      Damage    Failure   Level
 Apportation              Tloc           6%         N/A       12%         1
 Summon Small Mammal      Summ           12%        N/A       12%         1
 Dazzling Flash           Conj/Hex       26%        N/A       14%         3
 Blink                    Tloc           6%         N/A       19%         2
 Summon Guardian Golem    Hex/Summ       3%         N/A       36%         3
 Fulminant Prism          Conj/Hex       6%         3d7       43%         4
 Manifold Assault         Tloc           3%         N/A       77%         4
 Alistair's Intoxication  Tmut/Pois      2%         N/A       98%         5
 Orb of Destruction       Conj           11%        9d6       100%        7
 Spellforged Servitor     Conj/Summ      6%         N/A       100%        7
 Storm Form               Tmut/Air       1%         N/A       100%        7


Dungeon Overview and Level Annotations

Branches:
Dungeon (4/15)
 Temple: D:4-7

Altars:
Elyvilon
Fedhas
Yredelemnul

Annotations:
D:3 2 transporters, gaming's ghost, amateur DsNe


Innate Abilities, Weirdness & Mutations

You cannot wear most types of armour.
You are amphibious.
You can wear up to eight rings at the same time.
Your skin changes colour to match your surroundings (Stealth+).
Your rubbery body absorbs attacks. (AC +1, EV +1)
((You are camouflaged when in or above water. (Stealth+)))
You have tentacles for arms and can constrict up to eight enemies at once.
You possess an exceptional clarity of mind.
You are strong-willed. (Will+)
You expend magic power (3 MP) to strengthen your wands.


Message History

A gnoll comes into view. It is wielding a +0 spear.
The magic dart hits the orc.
You kill the orc!
An orc comes into view.
It is wielding a +0 hand axe of freezing.
The gnoll hits you from afar with a +0 spear!
* * * LOW HITPOINT WARNING * * *
You are too injured to fight recklessly!
You are too injured to fight recklessly!
You are too injured to fight recklessly!
You are too injured to fight recklessly!
You are too injured to fight recklessly!
You are too injured to fight recklessly!
You are too injured to fight recklessly!
Aiming: Magic Dart (safe; 1% risk of failure)
Press: ? - help, Q - select action, (/) - cycle Shift-Dir - straight line, f - gnoll
Aim: a gnoll, wielding a +0 spear (100% to hit)
The magic dart hits the gnoll.
The gnoll is lightly wounded.
The orc shouts!
The gnoll closely misses you.
Aiming: Magic Dart (safe; 1% risk of failure)
Press: ? - help, Q - select action, (/) - cycle Shift-Dir - straight line, f/p - gnoll
Aim: a gnoll, wielding a +0 spear (lightly wounded, 100% to hit)
The magic dart hits the gnoll.
The gnoll is heavily wounded.
The gnoll closely misses you.
Aiming: Magic Dart (safe; 1% risk of failure)
Press: ? - help, Q - select action, (/) - cycle Shift-Dir - straight line, f/p - gnoll
Aim: a gnoll, wielding a +0 spear (heavily wounded, 100% to hit)
The magic dart hits the gnoll.
The gnoll is heavily wounded.
An orc comes into view. It is wielding a +0 hand axe.
The gnoll barely misses you.
Aiming: Magic Dart (safe; 1% risk of failure)
Press: ? - help, Q - select action, (/) - cycle Shift-Dir - straight line, f/p - gnoll
Aim: a gnoll, wielding a +0 spear (heavily wounded, 100% to hit)
The magic dart hits the gnoll.
The gnoll is severely wounded.
The gnoll hits you from afar with a +0 spear!
You die...

#.#.# #.#.#.#.
#.#.# #.#.#.#.#.
#.#.#
#.#.#.#.#.#
#.#.#.#.#.#.#.#
#.#.#.#.#.#o#
#.<.#.#.#o#
#.#.#.#.#g#
#.#.#.#.#)#
#.#.#.#.#@#
#.#.#.#.#.#...#
#.#.#.#.####...#
###....# #+#..
####. ## #


You could see a gnoll and 2 orcs.

Vanquished Creatures
  4 gnolls
  2 adders (D:3)
  5 dart slugs
  2 orcs (D:4)
  An endoplasm (D:1)
  3 giant cockroaches
  7 goblins
  6 hobgoblins
  9 jackals
  4 kobolds
  2 quokkas
  8 ball pythons
  7 bats
  13 frilled lizards
  9 rats
82 creatures vanquished.

Vanquished Creatures (others)
  7 plants (D:3)
7 creatures vanquished.

Grand Total: 89 creatures vanquished

Notes
Turn   | Place    | Note
-------+----------+-------------------------------------------
     0 | D:1      | qeuew the Octopode Conjurer began the quest for the Orb.
     0 | D:1      | Reached XP level 1. HP: 11/11 MP: 3/3
    35 | D:1      | Reached XP level 2. HP: 5/17 MP: 0/5
   268 | D:1      | Found a faded altar of an unknown god.
   280 | D:1      | Got Plato's Grimoire of Leadership
   353 | D:1      | Reached XP level 3. HP: 21/21 MP: 1/6
   361 | D:1      | Learned a level 2 spell: Searing Ray
  1391 | D:1      | Gained mutation: You expend magic power (3 MP) to
                  | strengthen your wands. [potion of mutation]
  1391 | D:1      | Gained mutation: You possess an exceptional clarity of
                  | mind. [potion of mutation]
  1391 | D:1      | Gained mutation: You are strong-willed. (Will+) [potion of
                  | mutation]
  1751 | D:2      | Reached XP level 4. HP: 27/27 MP: 6/8
  2308 | D:2      | Learned a level 4 spell: Iskenderun's Mystic Blast
  2502 | D:3      | Found a white marble altar of Elyvilon.
  2560 | D:3      | Found a blossoming altar of Fedhas.
  2826 | D:3      | Reached XP level 5. HP: 31/31 MP: 9/9
  2938 | D:3      | Found a transporter.
  2941 | D:3      | Noticed gaming's ghost (amateur DsNe)
  2941 | D:3      | Noticed an ogre
  2942 | D:3      | Found a transporter.
  2944 | D:3      | Identified the +8 dire flail "Enockor" {spect, MP+9 Int+2
                  | Dex+3 Stlth-}
  2944 | D:3      | Noticed an ogre
  2993 | D:3      | Found a basalt altar of Yredelemnul.
  3103 | D:4      | Slain by a gnoll

Illustrated notes

Levels and vault maps discovered:
D:1:      minmay_arrival_pointy, layout_basic,
          shapermc_ecumenical_altar_rom_forum, minmay_domino_4
D:2:      layout_loops_ring
D:3:      layout_basic, kennysheep_ying_yang, old_standard_altar,
          gammafunk_ghost_smash, hangedman_decor_peaks_small, minmay_lizard_king
D:4:      layout_basic, grunt_temple_overflow_order_and_chaos_2,
          serial_park_tiny_pond, uniq_natasha, uniq_edmund, uniq_blork_the_orc

Skill      XL: |  1  2  3  4 |
---------------+-------------+-----
Stealth        | 3 |  3.9
Dodging        | 3 |  3.4
Spellcasting   | 3 |  3.2
Conjurations   | |  4.4

Action                     |  1- 3 |  4- 6 || total
---------------------------+-------+-------++-------
  Melee: Unarmed           |    25 |       ||    25
         Tentacles         |    11 |     3 ||    14
         Constrict         |     8 |     5 ||    13
         Punch             |     1 |       ||     1
         Short sword       |     3 |    24 ||    27
   Cast: Magic Dart        |    64 |    65 ||   129
    Use: Potion            |     4 |     1 ||     5
         Scroll            |     2 |     4 ||     6
 Armour: Skin              |     1 |       ||     1
  Dodge: Dodged            |    23 |    17 ||    40

Table legend: (Time is in decaauts)
 A = Elapsed time spent in this place.
 B = Non-inter-level travel time spent in this place.
 C = Inter-level travel time spent in this place.
 D = Time resting spent in this place.
 E = Time spent auto-exploring this place.
 F = Levels seen in this place.
 G = Mean time per level.
                   A        B        C        D        E       F      G
               +--------+--------+--------+--------+--------+-----+--------+
         Total |   3100 |   3028 |     72 |      0 |   2697 |   4 |  775.0 |
       Dungeon |   3100 |   3028 |     72 |      0 |   2697 |   4 |  775.0 |
               +--------+--------+--------+--------+--------+-----+--------+

Top non-repeatable levels by time:
     D:1: 1415 daAuts
     D:2: 916 daAuts
     D:3: 742 daAuts
     D:4: 25 daAuts
